AoeStats
← carlosmoon12

Black Forest

503476085Analyzed
2v2 RM · 1mo ago on Aug 31, 2026· 101m 29s· 4 players
Game mode
Random Map
Map size
Medium (4 player)
Population
200
Speed
Normal
Resources
Standard
Victory
Conquest
Starting age
Dark Age
Ending age
Imperial Age
RankedLock teamsTeams togetherTeam positionsShared explorationLock speedFull tech treeHidden civsTurbo modeCheats
Victory
Defeat
🇨🇴 Persians · Colombia
619
+5
🇫🇷 Koreans · France
575
+6
🇦🇷 Vietnamese · Argentina
318
-5
🇦🇷 Vietnamese · Argentina
318
-5
XenuS_07
11:36 Feudal Age
19:52 Castle Age
18:23 Horse Collar
18:49 Double-Bit Axe
22:01 Bow Saw
21:54 Heavy Plow
33:22 Imperial Age
32:16 Scale Barding Armor
32:02 Fletching
33:25 Elite War Wagon
35:40 Bodkin Arrow
37:01 Man-at-Arms
37:01 Pikeman
39:30 Chain Barding Armor
39:10 Bracer
39:23 Forging
39:13 Scale Mail Armor
38:42 Long Swordsman
39:25 Two-Handed Swordsman
39:39 Halberdier
40:08 Gambesons
41:21 Wheelbarrow
42:01 Two-Man Saw
42:02 Champion
51:46 Iron Casting
51:27 Chain Mail Armor
53:27 Conscription
55:40 Chemistry
54:39 Murder Holes
54:54 Masonry
54:25 Treadmill Crane
55:16 Ballistics
54:44 Arrowslits
55:13 Fortified Wall
54:55 Heated Shot
55:15 Siege Engineers
70:35 Cavalier
71:16 Husbandry
carlosmoon12
11:18 Feudal Age
13:26 Double-Bit Axe
19:05 Wheelbarrow
18:16 Fishing Lines
19:08 Fletching
21:27 Horse Collar
26:06 Castle Age
25:38 Forging
25:31 Scale Mail Armor
25:39 Scale Barding Armor
26:38 Stone Mining
26:43 Gold Mining
27:33 Gillnets
29:26 Gold Shaft Mining
29:31 Stone Shaft Mining
29:29 Bow Saw
29:37 Hand Cart
33:27 Loom
34:20 Iron Casting
33:41 Bodkin Arrow
35:17 Heavy Plow
35:48 Kamandaran
36:09 Caravan
39:07 Imperial Age
37:04 Padded Archer Armor
37:19 Chain Mail Armor
37:25 Chain Barding Armor
37:55 Town Watch
37:34 Man-at-Arms
37:34 Pikeman
38:15 Squires
38:00 Gambesons
38:01 Arson
38:34 Leather Archer Armor
40:27 Ballistics
40:44 Plate Mail Armor
41:17 Blast Furnace
40:52 Plate Barding Armor
39:49 Heavy Camel Rider
39:49 Cavalier
40:30 Husbandry
40:41 Bloodlines
39:51 Light Cavalry
41:21 Town Patrol
41:59 Ring Archer Armor
42:02 Crop Rotation
40:56 Long Swordsman
40:57 Halberdier
42:31 Theocracy
43:16 Chemistry
42:19 Hussar
46:13 Savar
47:56 Masonry
47:45 Elite War Elephant
48:41 Citadels
51:00 Two-Man Saw
50:33 Architecture
49:45 Heavy Scorpion
53:50 Crossbowman
54:35 Thumb Ring
56:11 Elite Skirmisher
56:17 Elite Skirmisher
65:47 Onager
69:43 Heavy Cavalry Archer
70:48 Parthian Tactics
Conejo Malo
1:04 Loom
13:38 Feudal Age
21:11 Castle Age
19:41 Double-Bit Axe
23:05 Gold Mining
26:00 Wheelbarrow
33:37 Imperial Age
32:24 Hand Cart
33:22 Fletching
35:06 Paper Money
35:22 Ballistics
36:05 Bow Saw
36:57 Bodkin Arrow
37:10 Horse Collar
39:54 Elite Rattan Archer
40:33 Town Watch
41:04 Heavy Plow
43:23 Two-Man Saw
44:32 Chemistry
43:38 Padded Archer Armor
44:10 Husbandry
44:56 Bracer
45:13 Leather Archer Armor
45:40 Stone Mining
47:47 Heavy Cavalry Archer
49:34 Siege Engineers
50:00 Thumb Ring
53:34 Onager
54:19 Elite Battle Elephant
55:38 Ring Archer Armor
55:14 Scale Barding Armor
56:47 Bloodlines
89:47 Pikeman
vortice_anonimo
13:46 Feudal Age
22:07 Castle Age
21:06 Horse Collar
21:20 Gold Mining
21:21 Stone Mining
21:22 Double-Bit Axe
25:01 Heavy Plow
25:39 Stone Shaft Mining
30:52 Caravan
34:31 Imperial Age
34:43 Imperial Age
35:22 Ballistics
35:15 Fortified Wall
36:34 Forging
36:25 Scale Mail Armor
36:25 Padded Archer Armor
36:31 Scale Barding Armor
39:38 Chemistry
39:31 Onager
42:46 Bombard Tower
43:23 Iron Casting
43:10 Chain Barding Armor
43:05 Chain Mail Armor
43:05 Leather Archer Armor
45:36 Chatras
45:56 Paper Money
48:08 Elite Fire Lancer
48:34 Arson
48:50 Squires
49:53 Coinage
52:12 Elite Battle Elephant
52:13 Cavalier
57:50 Pikeman
57:57 Pikeman
69:10 Plate Barding Armor
69:05 Plate Mail Armor
68:51 Leather Archer Armor
87:53 Husbandry
87:14 Light Cavalry
90:43 Ring Archer Armor
90:04 Fletching
89:51 Elite Rattan Archer
Connection lost

Rejoining the realm…

Still unreachable

The connection could not be restored.

Session expired

The server has moved on; the page needs a fresh start.